Map: Redshift LE

Players

soO

  • Race: Zerg Zerg
  • League: Master
  • Spawn Location: 11:00

lIIllllIIlll (INnoVation) - Winner!

  • Race: Terran Terran
  • League: Master
  • Spawn Location: 7:00

Event: HomeStory Cup XVII

VOD

Have the link to the VOD?

Description

Time

  • Played on: July 1, 2018, 6:39 p.m.
  • Length: 16:47

All games in this series

Show
View Real Time Build Order
Export as new Build Order

soO Zerg 

Build Orders: Hatch First 

Get SALT Encoding   

  12  0:00  Drone  
  13  0:12  Overlord  
  13  0:17  Drone  
  14  0:30  Drone x2  
  14  0:34  Drone  
  17  0:51  Hatchery  
  17  0:54  Drone  
  17  0:57  Drone  
  18  1:09  Extractor  
  17  1:12  Spawning Pool  
  17  1:14  Drone  
  17  1:18  Drone  
  18  1:28  Drone  
  19  1:38  Overlord  
  19  1:58  Queen  
  19  1:59  Zergling x2  
  19  2:00  Zergling x2  
  23  2:03  Queen  
  25  2:08  Zergling x2  
  25  2:09  Metabolic Boost  
  25  2:11  Drone  
  25  2:14  Drone  
  28  2:23  Drone  
  28  2:24  Drone  
  30  2:33  Overlord  
  30  2:34  Queen  
  30  2:36  Drone  
  33  2:43  Drone  
  34  2:46  Drone  
  35  2:57  Drone  
  36  2:58  Hatchery  
  36  3:00  Drone  
  36  3:05  Drone x2  
  38  3:11  Drone  
  38  3:12  Drone x2  
  41  3:14  Overlord  
  41  3:17  Drone x2  
  43  3:23  Overlord  
  43  3:32  Queen  
  45  3:34  Drone x2  
  45  3:41  Drone  
  48  3:44  Drone x2  
  48  3:45  Drone x2  
  48  3:47  Lair  
  52  3:48  Drone  
  52  3:50  Drone  
  52  3:51  Extractor  
  52  3:53  Extractor  
  52  3:55  Roach Warren  
  51  3:56  Drone  
  51  3:57  Drone  
  51  3:59  Drone  
  51  4:01  Drone  
  55  4:05  Drone  
  56  4:11  Drone x2  
  58  4:21  Overlord  
  58  4:23  Zergling x4  
  60  4:25  Overlord  
  60  4:35  Roach x3  
  60  4:36  Overlord  
  66  4:41  Roach x2  
  66  4:43  Roach x2  
  74  4:51  Roach x2  
  74  4:52  Overlord  
  78  4:53  Glial Reconstitution  
  78  4:56  Roach x2  
  80  5:10  Drone x6  
  80  5:11  Drone x2  
  88  5:17  Overlord  
  88  5:18  Drone  
  88  5:19  Drone  
  90  5:24  Ravager x2  
  90  5:26  Drone x4  
  96  5:29  Extractor  
  96  5:31  Extractor  
  96  5:32  Overlord  
  96  5:35  Overlord, Evolution Chamber x2  
  94  5:36  Roach  
  94  5:38  Roach  
  96  5:43  Overlord, Extractor  
  96  5:47  Roach x2  
  96  5:48  Roach x2  
  103  5:51  Overlord  
  103  5:55  Overlord  
  103  6:00  Drone x5  
  103  6:01  Zerg Missile Weapons Level 1, Zerg Ground Armor Level 1  
  108  6:11  Roach x4  
  116  6:15  Overlord, Drone x2  
  118  6:19  Drone x2  
  118  6:20  Spore Crawler  
  119  6:31  Roach  
  119  6:32  Roach x4  
  125  6:43  Roach x6  
  125  6:44  Overlord  
  134  6:47  Spore Crawler  
  129  6:55  Drone  
  129  7:00  Roach  
  129  7:01  Roach x6  
  144  7:03  Overlord  
  144  7:05  Overlord  
  140  7:14  Roach x4  
  137  7:17  Roach  
  137  7:18  Roach  
  131  7:28  Ravager x3  
  131  7:29  Ravager  
  135  7:30  Drone x3  
  135  7:34  Roach  
  140  7:45  Drone  
  140  7:46  Hatchery, Drone  
  140  7:47  Drone  
  140  7:48  Ravager x2  
  144  7:52  Roach  
  144  7:53  Roach  
  144  7:57  Overlord, Zerg Ground Armor Level 2, Zerg Missile Weapons Level 2  
  148  8:00  Roach  
  148  8:01  Roach x3  
  156  8:13  Roach x6  
  156  8:19  Overlord x2  
  168  8:20  Overlord  
  168  8:30  Overlord  
  168  8:34  Baneling Nest  
  168  8:35  Infestation Pit  
  168  8:39  Drone  
  167  8:41  Drone  
  167  8:42  Drone x7  
  167  8:46  Ravager x2  
  167  8:47  Roach x2  
  181  8:50  Drone  
  182  8:56  Hatchery  
  182  9:01  Drone  
  182  9:02  Drone x2, Queen  
  186  9:06  Drone  
  187  9:13  Hive  
  187  9:18  Zergling x12  
  187  9:23  Zergling x2  
  187  9:24  Zergling x8  
  198  9:35  Centrifical Hooks, Zergling x4  
  200  9:50  Burrow, Tunneling Claws  
  200  9:58  Hatchery, Drone  
  200  10:01  Spore Crawler, Extractor  
  198  10:09  Zergling x2  
  198  10:10  Zergling x16  
  198  10:13  Zerg Melee Weapons Level 1  
  198  10:14  Zergling x16  
  182  10:18  Baneling x10  
  181  10:26  Zergling x12  
  181  10:27  Zergling x6  
  169  10:44  Adrenal Glands  
  169  10:45  Drone x3, Ultralisk Cavern  
  169  10:46  Drone x3  
  169  10:54  Drone x4  
  169  10:55  Drone x4  
  175  10:57  Zerg Ground Armor Level 3  
  175  10:58  Viper x2  
  175  11:00  Roach x2  
  175  11:02  Zergling x2  
  175  11:03  Zergling x4  
  183  11:06  Baneling  
  183  11:07  Baneling x11  
  183  11:10  Zergling x8  
  187  11:21  Drone x4  
  187  11:23  Baneling x6  
  191  11:31  Zergling x16  
  191  11:32  Zergling x10  
  199  11:37  Roach  
  199  11:39  Zergling x8  
  198  11:50  Baneling x2  
  198  11:51  Baneling x11  
  198  11:59  Zergling x2  
  198  12:00  Zergling x10  
  182  12:08  Zergling x4  
  182  12:09  Zergling x14  
  178  12:21  Zergling x14, Ultralisk x3  
  178  12:22  Zergling x4  
  189  12:26  Zergling x6  
  180  12:41  Zergling x4, Ultralisk  
  180  12:42  Zergling x10  
  175  12:50  Baneling x8  
  175  12:51  Baneling x8  
  175  12:52  Zergling x2, Ultralisk  
  175  12:53  Zergling x6  
  175  12:57  Drone x17  
  184  12:59  Chitinous Plating  
  184  13:00  Zergling x2  
  184  13:01  Zergling x6  
  186  13:12  Zergling x10  
  190  13:14  Hatchery  
  190  13:15  Zerg Melee Weapons Level 2  
  190  13:19  Zergling x8  
  135  13:43  Zergling x2, Ultralisk x2  
  135  13:44  Zergling x14  
  144  13:51  Zergling x8, Ultralisk  
  140  14:20  Zergling x20, Ultralisk x2  
  154  14:38  Baneling x7  
  154  14:48  Hatchery  
  154  14:52  Unknown  
  148  15:02  Infestor x2  
  148  15:03  Infestor  
  154  15:08  Zergling x26  
  154  15:11  Roach x3  
  168  15:15  Zergling x10  
  156  15:27  Ultralisk  
  156  15:28  Zergling x6  
  142  15:29  Zergling x2  
  142  15:33  Baneling  
  142  15:34  Zergling x4  
Show
View Real Time Build Order
Export as new Build Order

lIIllllIIlll Terran - Winner!

Build Orders: Reaper Expand, Bio Tank 

Get SALT Encoding   

  12  0:00  SCV  
  13  0:13  SCV  
  14  0:17  Supply Depot  
  14  0:25  SCV  
  15  0:38  SCV  
  15  0:40  Barracks  
  16  0:43  Refinery  
  16  0:50  SCV  
  17  1:03  SCV  
  18  1:15  SCV  
  19  1:27  Orbital Command, Reaper  
  20  1:37  Command Center  
  20  1:49  Barracks  
  20  1:53  SCV  
  21  1:59  Barracks Reactor  
  21  2:05  SCV  
  22  2:09  Supply Depot  
  22  2:17  SCV  
  22  2:18  Refinery  
  22  2:21  Factory  
  23  2:31  SCV  
  23  2:36  Barracks Tech Lab, Marine x2  
  26  2:43  SCV  
  27  2:49  Orbital Command  
  27  2:55  SCV  
  27  2:56  Stimpack  
  27  2:58  Marine x2  
  30  2:59  Marine  
  31  3:07  SCV  
  32  3:15  Starport  
  32  3:16  SCV  
  32  3:19  SCV  
  34  3:22  Factory Reactor  
  34  3:23  Marine x2  
  34  3:24  Marine  
  37  3:28  Supply Depot  
  37  3:31  SCV  
  37  3:32  SCV  
  39  3:42  Marine  
  39  3:43  SCV, Marine x2  
  39  3:44  SCV  
  44  3:51  Supply Depot  
  44  3:55  SCV  
  45  3:56  SCV  
  45  4:01  Medivac x2  
  50  4:02  Marine x2  
  50  4:03  Marine  
  50  4:07  Engineering Bay  
  50  4:09  SCV  
  54  4:13  SCV  
  54  4:14  Engineering Bay  
  55  4:18  Supply Depot  
  55  4:21  Marine x2  
  55  4:22  Marine  
  58  4:25  SCV x2  
  60  4:32  Supply Depot  
  60  4:37  SCV x2  
  60  4:38  Terran Infantry Weapons Level 1  
  62  4:40  Terran Infantry Armor Level 1  
  62  4:41  Marine x3  
  65  4:51  SCV x2  
  66  4:57  Combat Shield  
  66  5:00  Marine x3  
  66  5:06  Command Center  
  68  5:10  SCV x2  
  68  5:13  Refinery x2  
  70  5:17  Supply Depot  
  70  5:19  Marine x3  
  73  5:22  SCV x2  
  73  5:27  Supply Depot  
  75  5:29  Medivac  
  78  5:35  SCV  
  78  5:36  Factory Tech Lab  
  78  5:38  Marine x3  
  78  5:39  SCV, Medivac  
  78  5:41  Barracks  
  84  5:48  SCV  
  84  5:49  Barracks  
  85  5:51  SCV  
  85  5:56  Siege Tank  
  89  5:57  Barracks  
  89  6:02  Armory  
  89  6:03  Marauder, Marine x2  
  93  6:05  SCV  
  94  6:18  SCV x2  
  96  6:19  Orbital Command  
  96  6:21  Marine x2  
  96  6:24  Marine  
  99  6:28  Siege Tank, Refinery  
  99  6:29  Barracks Reactor  
  99  6:30  SCV  
  99  6:31  Supply Depot  
  99  6:38  Barracks Reactor  
  98  6:40  Marine x2  
  98  6:41  SCV  
  98  6:42  Marauder, SCV  
  98  6:45  SCV  
  98  6:46  Refinery  
  101  6:57  Barracks Reactor  
  101  6:58  Marine  
  101  6:59  Marine  
  103  7:03  SCV x3  
  103  7:04  Marauder  
  103  7:06  Siege Tank  
  110  7:15  Supply Depot  
  96  7:24  Marine x6  
  96  7:25  Marauder  
  96  7:27  Medivac  
  96  7:28  SCV  
  96  7:29  SCV x2  
  110  7:30  Terran Infantry Weapons Level 2  
  110  7:31  Supply Depot, Terran Infantry Armor Level 2  
  108  7:38  Siege Tank  
  108  7:39  Marine  
  108  7:40  Marine  
  108  7:41  SCV, Marine  
  108  7:42  SCV, Marine x5  
  122  7:45  Terran Vehicle And Ship Armor Level 1  
  122  7:46  Marauder  
  122  7:51  Factory  
  124  7:57  Marine  
  122  8:01  SCV x2  
  124  8:07  Medivac x2  
  124  8:08  Marauder, Marine x3  
  124  8:11  Marine  
  133  8:13  Marine  
  133  8:15  Refinery  
  133  8:20  Refinery  
  133  8:22  Sensor Tower  
  133  8:25  Supply Depot, Marine x2  
  133  8:26  SCV x2  
  136  8:28  Missile Turret  
  136  8:30  Orbital Command  
  136  8:33  Siege Tank  
  138  8:35  Concussive Shells  
  138  8:36  Factory Tech Lab  
  138  8:38  SCV x2  
  140  8:49  Liberator  
  140  8:50  SCV x2  
  145  8:56  Marauder, Marine x5  
  152  9:03  Liberator  
  152  9:05  Siege Tank  
  152  9:06  Supply Depot x2  
  155  9:17  Command Center  
  157  9:27  Siege Tank, Marine x5  
  157  9:28  Marauder  
  165  9:36  Supply Depot  
  165  9:37  Siege Tank, Marine x3  
  165  9:38  Supply Depot x2  
  171  9:40  Command Center  
  171  9:45  Marine  
  171  9:46  Terran Vehicle And Ship Armor Level 2  
  171  9:49  Marauder  
  171  9:50  Terran Infantry Weapons Level 3  
  173  9:58  Marine x6  
  178  10:01  Marine  
  178  10:03  Marine  
  179  10:10  Marauder  
  179  10:12  Medivac x2  
  164  10:16  Marine x6  
  164  10:19  Marine  
  164  10:20  Siege Tank x2, Marine  
  169  10:30  SCV x3  
  169  10:32  Marauder  
  169  10:33  Marine x5  
  169  10:34  Marine  
  172  10:37  Marine  
  172  10:42  SCV x3  
  172  10:53  Marauder, Marine x4  
  172  10:54  SCV x3, Marine x3  
  172  10:55  Marine  
  182  10:58  Siege Tank  
  185  11:15  Marauder  
  187  11:21  Marine x8  
  195  11:27  Siege Tank  
  198  11:36  Marauder  
  198  11:39  Marine x8  
  200  11:42  Terran Infantry Armor Level 3  
  200  11:49  Barracks  
  200  11:50  Barracks x2  
  196  12:01  Ghost Academy  
  196  12:06  Medivac x2  
  188  12:11  Siege Tank x2  
  187  12:22  Marine  
  187  12:23  Marauder, Marine x2  
  182  12:39  Liberator x2  
  182  12:43  Barracks Tech Lab x2  
  164  12:44  Marauder, Barracks Tech Lab, Marine x8  
  164  12:48  Command Center  
  180  13:02  Ghost  
  180  13:03  Ghost  
  184  13:11  Ghost x2  
  186  13:31  Ghost x2  
  181  13:39  Ghost x2  
  181  13:40  Marine x3  
  154  13:42  Marine x3  
  144  13:59  Ghost  
  144  14:00  Ghost  
  148  14:04  Marine x4  
  148  14:08  Ghost  
  152  14:12  Marine x5  
  153  14:22  Marine x2  
  153  14:24  Planetary Fortress  
  155  14:25  Refinery, SCV x3  
  155  14:26  Refinery  
  158  14:36  Ghost  
  158  14:37  Ghost  
  160  14:45  Marauder x2  
  164  14:46  Marine x4  
  164  14:50  Liberator x2  
  158  15:04  SCV x3  
  158  15:06  Marauder x2  
  165  15:08  Command Center  
  165  15:09  Marauder x2  
  175  15:16  SCV  
  175  15:22  Marine x5  
  175  15:27  Marauder x2  
  178  15:30  Marauder  
Tags
 
Add a new tag
Caveats
  • Supply blocks, unpowered buildings, or Contaminate may cause inaccurate times.
  • Supply counts are checked every 10 seconds.